NYP
HILLSBORO HOPS @ BATAVIA MUCKDOGS
08/23/2044
 
TOP OF THE 1ST
Hillsboro Hops batting - Pitching for Batavia Muckdogs : RHP Gabe Behrend
Pitching: RHP Gabe Behrend
Batting: RHB Edgar Garcia 0-0: Foul Ball, location: 2F
0-1: Ball
1-1: Called Strike
1-2: Foul Ball, location: 2F
1-2: Ball
2-2: Foul Ball, location: 2F
2-2: Foul Ball, location: 2F
2-2: Ground out 4-3 (Groundball, 4, EV 84.4 MPH)
Batting: RHB Yasuo Nakata 0-0: Ball
1-0: Ball
2-0: Ball
3-0: Base on Balls
Batting: RHB Larry Hardman 0-0: Called Strike
0-1: Called Strike
0-2: Ball
1-2: Strikes out looking
Batting: RHB Chris Bittner 0-0: Ball
Yasuo Nakata steals 2nd base
1-0: Ball
2-0: Called Strike
2-1: Called Strike
2-2: Ball
3-2: Strikes out swinging
Top of the 1st over - 0 runs, 0 hits, 0 errors, 1 left on base; Hillsboro 0 - Batavia 0
BOTTOM OF THE 1ST
Batavia Muckdogs batting - Pitching for Hillsboro Hops : LHP Ryan Cole
Pitching: LHP Ryan Cole
Batting: RHB Calvin Morin 0-0: Fly out, F7 (Flyball, 7LS, EV 93.8 MPH)
Batting: RHB J.J. Barajas 0-0: Called Strike
0-1: SINGLE (Line Drive, 8RS, EV 104.4 MPH)
Batting: RHB Alex Ramirez 0-0: Ball
J.J. Barajas steals 2nd base
1-0: Ball
2-0: Called Strike
2-1: Ball
3-1: Called Strike
3-2: Base on Balls
Batting: RHB Len Graham 0-0: Called Strike
0-1: Fly out, F9 (Flyball, 89D, EV 105.0 MPH)
Runner from 2nd tags up, SAFE at 3rd, no throw by RF
Batting: LHB Ryan Thompson 0-0: Called Strike
0-1: Ball
1-1: Swinging Strike
1-2: SINGLE (Groundball, 6D, EV 100.0 MPH)
J.J. Barajas scores
Alex Ramirez to second
Batting: LHB David Doge 0-0: Ball
1-0: Fly out, F9 (Flyball, 9LM, EV 103.8 MPH)
Bottom of the 1st over - 1 run, 2 hits, 0 errors, 2 left on base; Hillsboro 0 - Batavia 1
TOP OF THE 2ND
Hillsboro Hops batting - Pitching for Batavia Muckdogs : RHP Gabe Behrend
Batting: RHB Jeremy Coffey 0-0: SINGLE (Groundball, 6MD, EV 95.6 MPH)
Batting: LHB Andy Wilmoth 0-0: Called Strike
0-1: Ball
1-1: Ball
2-1: Swinging Strike
2-2: Ball
3-2: Base on Balls
Jeremy Coffey to second
Batting: RHB Bryan Shuller 0-0: Swinging Strike
0-1: Foul Ball, location: 2F
0-2: Strikes out swinging
Pitching: RHP Scott Feltham
Batting: RHB Brandon Joshua 0-0: Ball
1-0: Swinging Strike
1-1: Ball
2-1: Swinging Strike
2-2: Foul Ball, location: 2F
2-2: SINGLE (Groundball, 6MD, EV 105.6 MPH)
Jeremy Coffey to third
Andy Wilmoth to second
Batting: SHB Mike Kiefer 0-0: Foul Ball, location: 2F
0-1: Ball
1-1: Called Strike
1-2: Ball
2-2: Strikes out swinging
Batting: RHB Edgar Garcia 0-0: Called Strike
0-1: Called Strike
0-2: Strikes out swinging
Top of the 2nd over - 0 runs, 2 hits, 0 errors, 3 left on base; Hillsboro 0 - Batavia 1
BOTTOM OF THE 2ND
Batavia Muckdogs batting - Pitching for Hillsboro Hops : LHP Ryan Cole
Batting: RHB Larry LeFever 0-0: DOUBLE (Flyball, 8RD, EV 88.1 MPH)
Batting: LHB Justin Blakely 0-0: Ground out 6-3 (Groundball, P, EV 78.8 MPH)
Larry LeFever to third
Batting: LHB Emilio Montalvo 0-0: Called Strike
0-1: Called Strike
0-2: Ground out 4-3 (Groundball, 4, EV 94.4 MPH)
Larry LeFever scores
Batting: RHB Calvin Morin 0-0: Called Strike
0-1: Swinging Strike
0-2: Foul Ball, location: 2F
0-2: Strikes out looking
Bottom of the 2nd over - 1 run, 1 hit, 0 errors, 0 left on base; Hillsboro 0 - Batavia 2
TOP OF THE 3RD
Hillsboro Hops batting - Pitching for Batavia Muckdogs : RHP Scott Feltham
Batting: RHB Yasuo Nakata 0-0: Ball
1-0: Swinging Strike
1-1: Foul Ball, location: 2F
1-2: Ball
2-2: Foul Ball, location: 2F
2-2: Ball
3-2: Foul Ball, location: 2F
3-2: Base on Balls
Pitching: RHP Ryan Babbitt
Batting: RHB Larry Hardman 0-0: Ball
1-0: Ball
2-0: Swinging Strike
2-1: SINGLE (Groundball, 56D, EV 96.3 MPH)
Yasuo Nakata to second
Batting: RHB Chris Bittner 0-0: Called Strike
0-1: Foul Ball, location: 2F
0-2: Ball
1-2: Foul Ball, location: 2F
1-2: Strikes out swinging
Batting: RHB Jeremy Coffey 0-0: Foul Ball, location: 2F
0-1: Foul Ball, location: 2F
0-2: Ball
1-2: SINGLE (Line Drive, 8RS, EV 97.5 MPH)
Yasuo Nakata to third
Larry Hardman to second
Throwing error, E8
Yasuo Nakata scores
Larry Hardman to third
Jeremy Coffey to second
Batting: LHB Andy Wilmoth 0-0: Called Strike
0-1: Ball
1-1: Ball
2-1: Foul Ball, location: 2F
2-2: SINGLE (Groundball, 56D, EV 104.4 MPH)
Larry Hardman scores
Jeremy Coffey to third
Runner from 3rd tries for Home, SAFE, throw by LF to home
Pitching: RHP Alex Garza
Batting: RHB Bryan Shuller 0-0: Called Strike
0-1: Ball
1-1: Fly out, F7 (Flyball, 7D, EV 96.9 MPH)
Batting: RHB Brandon Joshua 0-0: Foul Ball, location: 2F
0-1: Swinging Strike
0-2: Foul Ball, location: 2F
0-2: Ball
1-2: Ball
2-2: Strikes out swinging
Top of the 3rd over - 3 runs, 3 hits, 1 error, 1 left on base; Hillsboro 3 - Batavia 2
BOTTOM OF THE 3RD
Batavia Muckdogs batting - Pitching for Hillsboro Hops : LHP Ryan Cole
Batting: RHB J.J. Barajas 0-0: Called Strike
0-1: Ball
1-1: Ball
2-1: DOUBLE (Line Drive, 7LS, EV 95.0 MPH)
Batting: RHB Alex Ramirez 0-0: Called Strike
0-1: Called Strike
0-2: Ball
1-2: Foul Ball, location: 2F
1-2: Hit by Pitch
Batting: RHB Len Graham 0-0: Ball
1-0: Foul Ball, location: 2F
1-1: TRIPLE (Groundball, 3L, EV 97.5 MPH)
J.J. Barajas scores
Alex Ramirez scores
Batting: LHB Ryan Thompson 0-0: Ball
1-0: Ball
Wild Pitch!
Len Graham scores
2-0: SINGLE (Line Drive, 78S, EV 106.9 MPH)
Batting: LHB David Doge 0-0: Ball
1-0: DOUBLE (Line Drive, 9LM, EV 104.4 MPH)
Ryan Thompson to third
Pitching: RHP Josh Halvorson
Batting: RHB Larry LeFever 0-0: Ball
1-0: Swinging Strike
1-1: Foul Ball, location: 2F
1-2: SINGLE (Groundball, 56D, EV 98.1 MPH)
Ryan Thompson scores
David Doge to third
Batting: LHB Justin Blakely 0-0: Foul Ball, location: 2F
0-1: Foul Ball, location: 2F
0-2: Foul Ball, location: 2F
0-2: Ball
1-2: Strikes out swinging
Batting: LHB Emilio Montalvo 0-0: Called Strike
0-1: Fly out, F9 (Flyball, 89S, EV 88.1 MPH)
Batting: RHB Calvin Morin 0-0: DOUBLE (Line Drive, 7LM, EV 111.3 MPH)
David Doge scores
Larry LeFever to third
Runner from 3rd tries for Home, SAFE, throw by LF to home
Batting: RHB J.J. Barajas 0-0: Swinging Strike
0-1: Ball
Calvin Morin steals 3rd base
1-1: Ball
2-1: Foul Ball, location: 2F
2-2: Foul Ball, location: 2F
2-2: Ball
Wild Pitch!
Calvin Morin scores
3-2: Base on Balls
Batting: RHB Alex Ramirez 0-0: Ball
1-0: Called Strike
1-1: Ball
2-1: Reached on error, E5 (Groundball, 5S, EV 87.5 MPH)
J.J. Barajas to second
Batting: RHB Len Graham 0-0: Ball
1-0: Called Strike
1-1: Ball
2-1: Fielders Choice at 2nd, 6-4 (Groundball, 6, EV 103.8 MPH)
Bottom of the 3rd over - 7 runs, 6 hits, 1 error, 2 left on base; Hillsboro 3 - Batavia 9
TOP OF THE 4TH
Hillsboro Hops batting - Pitching for Batavia Muckdogs : RHP Alex Garza
Batting: SHB Mike Kiefer 0-0: Ball
1-0: Ball
2-0: Ball
3-0: Called Strike
3-1: Swinging Strike
3-2: Strikes out swinging
Batting: RHB Edgar Garcia 0-0: SINGLE (Groundball, 4M, EV 78.8 MPH) (infield hit)
Batting: RHB Yasuo Nakata 0-0: Called Strike
Edgar Garcia steals 2nd base (no throw)
0-1: Ball
1-1: Ball
2-1: Swinging Strike
2-2: Foul Ball, location: 2F
2-2: Ball
3-2: Base on Balls
Pitching: RHP Giampaolo Nobile
Batting: RHB Larry Hardman 0-0: Ball
1-0: Swinging Strike
1-1: Called Strike
1-2: Ball
2-2: Foul Ball, location: 2F
2-2: Strikes out swinging
Batting: RHB Chris Bittner 0-0: Ball
1-0: Ball
2-0: Ground out U3 (Groundball, 34, EV 110.0 MPH)
Top of the 4th over - 0 runs, 1 hit, 0 errors, 2 left on base; Hillsboro 3 - Batavia 9
BOTTOM OF THE 4TH
Batavia Muckdogs batting - Pitching for Hillsboro Hops : RHP Josh Halvorson
Batting: LHB Ryan Thompson 0-0: Ground out U3 (Groundball, 3, EV 97.5 MPH)
Batting: LHB David Doge 0-0: Foul Ball, location: 2F
0-1: Ball
1-1: Ball
2-1: Foul Ball, location: 2F
2-2: Fly out, F9 (Flyball, 9, EV 94.4 MPH)
Batting: RHB Larry LeFever 0-0: Called Strike
0-1: Ball
1-1: Ball
2-1: Ground out 6-3 (Groundball, 6, EV 98.8 MPH)
Bottom of the 4th over - 0 runs, 0 hits, 0 errors, 0 left on base; Hillsboro 3 - Batavia 9
TOP OF THE 5TH
Hillsboro Hops batting - Pitching for Batavia Muckdogs : RHP Giampaolo Nobile
Batting: RHB Jeremy Coffey 0-0: Ball
1-0: Foul Ball, location: 2F
1-1: DOUBLE (Line Drive, 5D, EV 106.9 MPH)
Batting: LHB Andy Wilmoth 0-0: Ball
Passed Ball!
Jeremy Coffey to third
1-0: Ball
2-0: Ball
3-0: Called Strike
3-1: Swinging Strike
3-2: SINGLE (Line Drive, 56D, EV 102.5 MPH)
Jeremy Coffey scores
Batting: RHB Bryan Shuller 0-0: Ball
Wild Pitch!
Andy Wilmoth to second
1-0: Ball
2-0: SINGLE (Line Drive, 9S, EV 100.6 MPH)
Andy Wilmoth to third
Batting: RHB Brandon Joshua 0-0: Ball
1-0: Swinging Strike
1-1: Foul Ball, location: 2F
1-2: Strikes out swinging
Bryan Shuller steals 2nd base
Batter strikes out.
Batting: SHB Mike Kiefer 0-0: Called Strike
0-1: Swinging Strike
0-2: Ball
1-2: Ball
2-2: Ball
3-2: Strikes out swinging
Batting: RHB Edgar Garcia 0-0: Ball
1-0: Called Strike
1-1: Called Strike
1-2: Foul Ball, location: 2F
1-2: Foul Ball, location: 2F
1-2: DOUBLE (Flyball, 8LXD, EV 104.4 MPH)
Andy Wilmoth scores
Bryan Shuller scores
Batting: RHB Yasuo Nakata 0-0: Called Strike
0-1: Ball
Wild Pitch!
Edgar Garcia to third
1-1: Foul Ball, location: 2F
1-2: Foul Ball, location: 2F
1-2: Strikes out swinging
Top of the 5th over - 3 runs, 4 hits, 0 errors, 1 left on base; Hillsboro 6 - Batavia 9
BOTTOM OF THE 5TH
Batavia Muckdogs batting - Pitching for Hillsboro Hops : RHP Josh Halvorson
Batting: LHB Justin Blakely 0-0: SINGLE (Groundball, 34D, EV 95.6 MPH)
Batting: LHB Emilio Montalvo 0-0: Foul Ball, location: 2F
0-1: Foul Ball, location: 2F
0-2: Ball
1-2: Ball
2-2: Foul Ball, location: 2F
2-2: Ball
3-2: Strikes out swinging
Batting: RHB Calvin Morin 0-0: Called Strike
0-1: Called Strike
0-2: Ball
1-2: Reached on error, E5 (Groundball, 25, EV 83.8 MPH)
Justin Blakely to second
Batting: RHB J.J. Barajas 0-0: Ball
1-0: Ball
2-0: Called Strike
2-1: Ball
3-1: Base on Balls
Justin Blakely to third
Calvin Morin to second
Batting: RHB Alex Ramirez 0-0: Called Strike
0-1: Ball
1-1: Ball
2-1: Foul Ball, location: 2F
2-2: Ball
3-2: Strikes out swinging
Batting: RHB Len Graham 0-0: Fly out, F9 (Flyball, 9D, EV 104.4 MPH)
Bottom of the 5th over - 0 runs, 1 hit, 1 error, 3 left on base; Hillsboro 6 - Batavia 9
TOP OF THE 6TH
Hillsboro Hops batting - Pitching for Batavia Muckdogs : RHP Giampaolo Nobile
Batting: RHB Larry Hardman 0-0: Ball
1-0: Swinging Strike
1-1: Foul Ball, location: 2F
1-2: SINGLE (Groundball, 56S, EV 66.9 MPH) (infield hit)
Batting: RHB Chris Bittner 0-0: Fly out, F8 (Flyball, 8LD, EV 102.5 MPH)
Batting: RHB Jeremy Coffey 0-0: Called Strike
Larry Hardman steals 2nd base
0-1: Ball
1-1: Ball
2-1: Ground out 6-3 (Groundball, 6, EV 81.9 MPH)
Batting: LHB Andy Wilmoth 0-0: Called Strike
0-1: SINGLE (Line Drive, 89M, EV 104.4 MPH)
Larry Hardman to third
Runner from 3rd tries for Home, SAFE, throw by RF to home
Batting: RHB Bryan Shuller 0-0: Ball
1-0: Ball
2-0: Swinging Strike
2-1: Foul Ball, location: 2F
2-2: Foul Ball, location: 2F
2-2: Strikes out swinging
Top of the 6th over - 1 run, 2 hits, 0 errors, 1 left on base; Hillsboro 7 - Batavia 9
BOTTOM OF THE 6TH
Batavia Muckdogs batting - Pitching for Hillsboro Hops : RHP Josh Halvorson
Batting: LHB Ryan Thompson 0-0: Called Strike
0-1: Ball
1-1: Ground out U3 (Groundball, 3, EV 81.3 MPH)
Batting: LHB David Doge 0-0: Ball
1-0: Called Strike
1-1: Ball
2-1: Swinging Strike
2-2: Strikes out swinging
Pitching: RHP Matt Doman
Batting: RHB Larry LeFever 0-0: Ball
1-0: Ball
2-0: Fly out, F7 (Flyball, 7LM, EV 86.9 MPH)
Bottom of the 6th over - 0 runs, 0 hits, 0 errors, 0 left on base; Hillsboro 7 - Batavia 9
TOP OF THE 7TH
Hillsboro Hops batting - Pitching for Batavia Muckdogs : RHP Giampaolo Nobile
Batting: RHB Brandon Joshua 0-0: Ball
1-0: Foul Ball, location: 2F
1-1: Ball
2-1: Ball
3-1: Base on Balls
Pitching: LHP Carlos Mosqueda
Batting: SHB Mike Kiefer 0-0: Ball
Brandon Joshua steals 2nd base
1-0: Ball
2-0: Foul Ball, location: 2F
2-1: Ball
3-1: Base on Balls
Batting: RHB Edgar Garcia 0-0: Bunted foul
0-1: Bunted foul
0-2: Ball
Wild Pitch!
Brandon Joshua to third
Mike Kiefer to second
1-2: Foul Ball, location: 2F
1-2: Ball
2-2: Ball
3-2: Foul Ball, location: 2F
3-2: Foul Ball, location: 2F
3-2: Base on Balls
Batting: RHB Yasuo Nakata 0-0: Called Strike
0-1: Foul Ball, location: 2F
0-2: Foul Ball, location: 2F
0-2: Ball
Balk!
Brandon Joshua scores
Mike Kiefer to third
Edgar Garcia to second
1-2: Ball
2-2: Foul Ball, location: 2F
2-2: Fly out, F9 (Flyball, 9, EV 87.5 MPH)
Runner from 3rd tags up, OUT at HOME! 9-2
Edgar Garcia to third
Batting: RHB Larry Hardman 0-0: Fly out, F8 (Flyball, 89D, EV 98.1 MPH)
Top of the 7th over - 1 run, 0 hits, 0 errors, 1 left on base; Hillsboro 8 - Batavia 9
BOTTOM OF THE 7TH
Batavia Muckdogs batting - Pitching for Hillsboro Hops : RHP Matt Doman
Batting: LHB Justin Blakely 0-0: Called Strike
0-1: Foul Ball, location: 2F
0-2: Ball
1-2: Ball
2-2: Strikes out swinging
Batting: LHB Emilio Montalvo 0-0: Ball
1-0: Ball
2-0: Called Strike
2-1: Foul Ball, location: 2F
2-2: Foul Ball, location: 2F
2-2: Foul Ball, location: 2F
2-2: Ball
3-2: Foul Ball, location: 2F
3-2: Reached on error, E4 (Groundball, 4, EV 84.4 MPH)
Batting: RHB Calvin Morin 0-0: Called Strike
0-1: DOUBLE (Line Drive, 89D, EV 107.5 MPH)
Emilio Montalvo to third
Batting: RHB J.J. Barajas 0-0: Foul Ball, location: 2F
0-1: Ball
1-1: Ball
2-1: SINGLE (Line Drive, 6D, EV 108.8 MPH)
Emilio Montalvo scores
Calvin Morin to third
Batting: RHB Alex Ramirez 0-0: DOUBLE (Line Drive, 9LM, EV 94.4 MPH)
Calvin Morin scores
J.J. Barajas to third
Runner from 3rd tries for Home, throw by RF and OUT! 9-4-2
Batting: RHB Len Graham 0-0: Ball
1-0: Swinging Strike
1-1: Foul Ball, location: 2F
1-2: Foul Ball, location: 2F
1-2: Ground out 4-3 (Groundball, 4, EV 83.8 MPH)
Bottom of the 7th over - 2 runs, 3 hits, 1 error, 1 left on base; Hillsboro 8 - Batavia 11
TOP OF THE 8TH
Hillsboro Hops batting - Pitching for Batavia Muckdogs : LHP Carlos Mosqueda
Batting: RHB Chris Bittner 0-0: Foul Ball, location: 2F
0-1: Swinging Strike
0-2: Ball
1-2: Ground out 6-3 (Groundball, 6, EV 101.3 MPH)
Batting: RHB Jeremy Coffey 0-0: Swinging Strike
0-1: Foul Ball, location: 2F
0-2: Ground out 4-3 (Groundball, 4, EV 80.0 MPH)
Batting: LHB Andy Wilmoth 0-0: Called Strike
0-1: Called Strike
0-2: Ball
1-2: Ground out U3 (Groundball, 3, EV 88.1 MPH)
Top of the 8th over - 0 runs, 0 hits, 0 errors, 0 left on base; Hillsboro 8 - Batavia 11
BOTTOM OF THE 8TH
Batavia Muckdogs batting - Pitching for Hillsboro Hops : RHP Matt Doman
Pitching: RHP Takuji Mizoguchi
Batting: LHB Ryan Thompson 0-0: Ball
1-0: Foul Ball, location: 2F
1-1: Ball
2-1: Foul Ball, location: 2F
2-2: Ball
3-2: Fly out, F8 (Flyball, 8LD, EV 93.1 MPH)
Batting: LHB David Doge 0-0: Ball
1-0: Foul Ball, location: 2F
1-1: Called Strike
1-2: Ground out 4-3 (Groundball, 4M, EV 90.0 MPH)
Batting: RHB Larry LeFever 0-0: Called Strike
0-1: Ball
1-1: Ball
2-1: Ground out 6-3 (Groundball, 6, EV 100.0 MPH)
Bottom of the 8th over - 0 runs, 0 hits, 0 errors, 0 left on base; Hillsboro 8 - Batavia 11
TOP OF THE 9TH
Hillsboro Hops batting - Pitching for Batavia Muckdogs : LHP Carlos Mosqueda
Batting: RHB Bryan Shuller 0-0: Ball
1-0: Fly out, F6 (Flyball, 56D, EV 89.4 MPH)
Batting: RHB Brandon Joshua 0-0: Called Strike
0-1: Fly out, F8 (Flyball, 78D, EV 88.8 MPH)
Batting: SHB Mike Kiefer 0-0: Ground out 6-3 (Groundball, 6D, EV 100.6 MPH)
Top of the 9th over - 0 runs, 0 hits, 0 errors, 0 left on base; Hillsboro 8 - Batavia 11
Thursday, March 31st , 2022 - OOTP Baseball 22.12 Build 89